← All builds
Tech / Armada / Economy first / OBSERVED BUILD

Standard tech

Armada Tech (Eco) build order · Supreme Isthmus

Rushes T2 by 4:15, gets Advanced Metal Extractor around 5:28, hands off T2 constructors to Geo and the team, then scales eco and supplies the team's T2 needs through the rest of the game.

Usually first T2 con to Geo (83%)

#eco #t2 #team support · 1579 distinct matches · 255 players · 58% of Armada Tech games · team won 53% of 1874 · Recently observed

HOW TO PLAY IT

Key timing: T2 factory by 4:15

  1. Open 3 mex and heavy wind to fund a fast T2 rush.
  2. Put down Bot Lab, planning to eat it for reclaim soon after.
  3. Get Advanced Bot Lab up, hitting the T2 factory rush timing.
  4. Upgrade mex to Advanced Metal Extractor to lock in team metal income.
  5. Eat Advanced Bot Lab and keep sending cons to Geo and Pond.

Phase by phase

TYPICAL OF ITS 1579 GAMES
  1. 1
  2. 2
  3. 3
  4. 4
PLAY THE OPENING

Follow the example game's first 6:00 step by step: what to build now, what comes next, and where it goes. At 1× it keeps pace with your own game.

  1. 1

    Up to the Bot Lab

    Economy
    • Metal Extractor3Mex
    • Wind Turbine4Wind
    Order
    1. Bot LabBot Lab after 3 mex, 4 winddone ~1:18, middle half 1:13–1:32

    Some games also: energy storage (31%)

    By 1:01 in all: 3 mex · 4 wind

    The example game in this phase · 3 steps
    1. Mex ×3
    2. Wind ×2
    3. Bot LabBot Labdone 1:05 · typical 1:18
  2. 2

    Bot Lab to Advanced Bot Lab

    Economy
    • Metal Extractor1Mex
    • Wind Turbine8Wind
    • Energy Storage1Energy storage
    Order
    1. Advanced Bot LabAdvanced Bot Lab after 4 mex, 12 wind, 3 con turretdone ~4:16, middle half 4:04–4:30
    Builders
    • Construction Turret3 Con turret
    • Lazarus3 Lazarus
    • Construction Bot2 Con bot
    • Construction Bot1 Con bot for allies

    Some games also: converter (36%)

    By 3:18 in all: 4 mex · 12 wind · 1 energy storage · 3 con turret

    The example game in this phase · 18 steps
    1. LazarusLazarus
    2. Wind ×2
    3. Construction BotCon bot
    4. Wind
    5. Energy storage
    6. Wind ×3
    7. LazarusLazarus
    8. Con turret
    9. Construction BotCon botfor Air
    10. Wind
    11. Mex
    12. Wind
    13. LazarusLazarus
    14. Con turret
    15. Wind
    16. LazarusLazarus
    17. Converter ×2
    18. Advanced Bot LabAdvanced Bot Labdone 4:03 · typical 4:16
  3. 3

    Advanced Bot Lab to 5:00

    Economy
    • Wind Turbine3Wind
    Order
    1. Bot LabEat Bot Lab
    Builders
    • Advanced Construction Bot1 T2 con bot for allies

    Some games also: converter (35%)

    By 5:00 in all: 4 mex · 15 wind · 1 converter · 1 energy storage · 3 con turret

    The example game in this phase · 3 steps
    1. Bot LabEat Bot Labreclaimed for its metal
    2. Advanced Construction BotT2 con botfor Air
    3. Advanced Metal ExtractorT2 mexdone 5:27 · typical 5:29
  4. 4

    5:00 to 10:00

    Economy
    • Wind Turbine43Wind
    • Energy Converter6Converter
    Builders
    • Butler9 Butler
    • Advanced Construction Bot4 T2 con bot for allies
    • Advanced Construction Bot1 T2 con bot

    Some games also: con turret (43%) · Butler for allies (36%)

    By 10:00 in all: 4 mex · 58 wind · 8 converter · 1 energy storage · 3 con turret

    The example game in this phase · 164 steps
    1. Advanced Metal ExtractorT2 mex ×3
    2. ButlerButler ×2
    3. Advanced Construction BotT2 con botfor Geo sea
    4. Wind
    5. Advanced Construction BotT2 con botfor Beach sea
    6. Wind ×4
    7. Advanced Construction BotT2 con botfor Pond
    8. Wind ×2
    9. Advanced Construction BotT2 con botfor Suicide front
    10. Wind ×2
    11. Advanced Construction BotT2 con botfor Front
    12. Wind ×3
    13. ButlerButler
    14. Wind
    15. ButlerButler
    16. Wind ×2
    17. ButlerButler
    18. Wind
    19. ButlerButler
    20. Wind ×3
    21. ButlerButler
    22. Wind ×2
    23. ButlerButler
    24. Wind ×3
    25. ButlerButler
    26. Wind ×3
    27. ButlerButler
    28. Wind ×3
    29. ButlerButler
    30. Wind ×3
    31. ButlerButler
    32. Wind ×3
    33. Converter
    34. ButlerButler
    35. Wind ×3
    36. Converter
    37. ButlerButler
    38. Wind ×4
    39. Converter
    40. Wind ×4
    41. PlatypusPlatypus
    42. Wind
    43. Converter
    44. Wind
    45. Converter
    46. Wind ×3
    47. PlatypusPlatypus
    48. Wind ×4
    49. Converter
    50. Wind ×2
    51. Converter
    52. PlatypusPlatypus
    53. Wind ×6
    54. Converter
    55. PlatypusPlatypus
    56. Wind ×2
    57. Converter
    58. Wind ×3
    59. PlatypusPlatypus
    60. Wind ×5
    61. Converter
    62. Wind
    63. Converter
    64. PlatypusPlatypus
    65. Wind ×6
    66. Converter ×2
    67. Wind
    68. PlatypusPlatypus
    69. Wind ×5
    70. Converter
    71. Wind
    72. Converter
    73. Wind ×4
    74. PlatypusPlatypus
    75. Wind ×2
    76. Converter
    77. Wind ×3
    78. Converter
    79. Wind ×2
    80. PlatypusPlatypus
    81. Wind ×4
    82. Converter ×2
    83. Wind ×5
    84. PlatypusPlatypus
    85. Wind ×5
    86. Converter ×2
    87. Wind ×4
    88. PlatypusPlatypus
    89. Wind ×2
    90. Converter
    91. Wind
    92. Converter
    93. Wind ×3
    94. PlatypusPlatypus
    95. Wind ×5
    96. Converter ×2
    97. Wind ×2
    98. PlatypusPlatypus
    99. Wind ×7
    100. Converter ×2
    101. PlatypusPlatypus
    102. Wind ×6
    103. PlatypusPlatypus
    104. Wind
    105. Converter ×2
    106. Wind ×3
    107. HoundHoundfor Pond
    108. Wind ×6
    109. Converter
    110. HoundHoundfor Pond
    111. Converter
    112. Wind ×5
    113. HoundHoundfor Pond
    114. Wind ×3
    115. Converter ×2
    116. Wind ×2
    117. HoundHoundfor Pond
    118. Wind ×5
    119. Converter
    120. Wind
    121. Converter
    122. HoundHoundfor Pond
    123. Wind ×6
    124. HoundHoundfor Pond
    125. Wind
    126. Converter
    127. Wind ×2
    128. Converter
    129. Wind ×3
    130. HoundHound
    131. Wind ×3
    132. Converter ×2
    133. Wind ×2
    134. HoundHound
    135. Wind ×5
    136. HoundHound
    137. Converter
    138. Wind
    139. Converter
    140. Wind ×3
    141. HoundHound
    142. Wind ×3
    143. Converter
    144. Wind
    145. Converter
    146. Wind
    147. HoundHound
    148. Wind ×6
    149. Converter
    150. WelderWelder
    151. Wind ×2
    152. Converter
    153. Wind ×4
    154. WelderWelder
    155. Wind
    156. Converter
    157. Wind ×4
    158. Converter
    159. Wind
    160. WelderWelder
    161. Wind ×3
    162. Converter
    163. Wind ×4
    164. WelderWelder

Counts are medians over the build's games: half of them build more, half fewer. The example game is CookieTwoStep's (31 OS, 06/09/2026); pick another.

Team trades

IN AT LEAST 30% OF ITS GAMES

You hand over

  • Construction Bot1 Con bot to Airfirst at 2:23 · in 84% of games
  • Advanced Construction Bot5 T2 con bot to Air or Geo sea or Pondfirst at 4:50 · in 99% of games
  • Butler2 Butler to Geo sea or Beach sea or Pondfirst at 9:07 · in 42% of games

You get

  • Hercules1 Light transport from Airfirst at 4:01 · in 86% of games

How it plays out

Typical game of this build, running totals by minute

Metal produced

020k40k
0:005:0010:0015:00

metal

Enemy metal destroyed

050100
0:005:0010:0015:00

metal

Own metal lost

050100150
0:005:0010:0015:00

metal

1874 games.

Show as table
ByMetal produced: This buildEnemy metal destroyed: This buildOwn metal lost: This build
1:0038300
2:0091500
3:00165100
4:00314400
5:00484700
6:00580000
7:00722700
8:00906100
9:001117300
10:001350300
11:001624200
12:001965600
13:002344500
14:0027362073
15:003154285130
WHAT THE NUMBERS SAY

Standard Tech play barely fights at all early, instead pouring metal into T2 infrastructure and constructors for the team.

  • + Metal produced hits 31679 by 15:00, by far the highest of any role here.
  • + T2 factory reached in 97% of games by 4:15, fastest and most reliable T2 timing.
  • − Enemy metal destroyed stays at 0 through 10:00, no early offense at all.
  • − Own metal lost also near 0, showing total avoidance of combat risk.
THE EXAMPLE YOU ARE READING

CookieTwoStep

30.6 OS · 06/09/2026

Open source match ↗

1 received units
948 metal received · 94208 energy received

Allied construction assistance is unknown. Timings are observations, not a promise of solo reproducibility.

Typical milestones

Bot Lab1:18Middle 50%: 1:13–1:32 · n=1874
Advanced Bot Lab4:16Middle 50%: 4:04–4:30 · n=1867
Advanced Metal Extractor5:29Middle 50%: 5:05–5:59 · n=1870

Played most by

Amrissa93games of this buildTheGeneraI66games of this buildAdeus57games of this buildEl_Turco56games of this buildKOT_43games of this build
Standard tech · Armada Tech (Eco) build order · BAR Build Atlas